cohdb
Replays
Latest Replays
All Replays
Popular Replays
Top Player Replays
Match Explorer
How It Works
Community
CoH3 Stats
Reddit
Sign in to upload your games and track your stats! →
Sign in with Steam
Match 33980962
Unlisted
Match 33980962
Overview
Messages
Build Orders
End
Kettenkrad Recon Vehicle
Construct Infanterie Kompanie
MG 42 Machine Gun Team
GrW 34 Mortar Team
MG 42 Machine Gun Team
Construct Panzergrenadier Kompanie
Panzergrenadier Squad
251 Medium Carrier
Pak 40 Anti-tank Gun Team
Selects Mechanized Battlegroup
Selects Mobile Repair Stations
Medical Station
Support Elements
Nebelwerfer 42 Rocket Launcher Team
Selects Raid Package
Construct Luftwaffe Kompanie
Wirbelwind Flakpanzer
Jäger Squad
贤者之圣剑
火凤凰
Watch your back!
King_Bird
Mr. Over Enthusiastic
matrix4x4
0
0
Comments
sign in to comment!
No comments posted yet!